NASHVILLE Predators vs MINNESOTA Wild

Created - 3 mars 2019 at 14:46

Goals
1 2 3 T
NASHVILLE Predators 2 2 1 5
MINNESOTA Wild 1 1 0 2
Shots
1 2 3 T
NASHVILLE Predators 7 8 9 24
MINNESOTA Wild 8 12 6 26

1st period

1. NASHVILLE Predators , Esa Lindell 14 (Reilly Smith 24, Ryan Kesler 36) at 16:34 (SH)
2. NASHVILLE Predators , Jake Muzzin 10 (Aleksander Barkov 53, Viktor Arvidsson 38) at 17:51
3. MINNESOTA Wild , James van Riemsdyk 10 (J.T. Miller 22, Sean Monahan 37) at 19:47 (PP)

Penalties :
Jaccob Slavin (NSH) for Tripping (Minor) at 3:03, Ryan Kesler (NSH) for Roughing (Minor) at 5:47, Jamie Oleksiak (NSH) for Holding (Minor) at 15:22, Andrew MacDonald (NSH) for Hooking (Minor) at 18:59

2nd period

4. MINNESOTA Wild , Alex Pietrangelo 18 (Ryan Getzlaf 44, Nikita Kucherov 33) at 0:35
5. NASHVILLE Predators , Aleksander Barkov 28 (Viktor Arvidsson 39) at 12:13
6. NASHVILLE Predators , Aleksander Barkov 29 (Dan Hamhuis 28, Viktor Arvidsson 40) at 19:45

Penalties :
Andrew MacDonald (NSH) for Holding (Minor) at 7:18, Andrew MacDonald (NSH) for Slashing (Minor) at 9:23, Jaccob Slavin (NSH) for Cross-checking (Minor) at 14:40

3rd period

7. NASHVILLE Predators , Esa Lindell 15 (Dan Hamhuis 29, Thomas Vanek 13) at 13:18

Penalties :
Marc-Edouard Vlasic (MIN) for Hooking (Minor) at 5:18, Jaccob Slavin (NSH) for Interference (Minor) at 18:20

Goalie Stats

Semyon Varlamov (NSH), 24 saves from 26 shots - (0,923), W, 34-22-3, 60:00 minutes
John Gibson (MIN), 8 saves from 9 shots - (0,889), 20:15 minutes
Pekka Rinne (MIN), 11 saves from 15 shots - (0,733), L, 34-12-2, 39:45 minutes

Players Stats for NASHVILLE Predators

Player Name              G  A  P  +/- PIM S  H  SB GA TA FO     MP     PP MP  PK MP  
------------------------------------------------------------------------------------
Aleksander Barkov        2  1  3   2  0   4  0  0  0  0  12/31  21:19   1:13   2:51 
Alex DeBrincat           0  0  0   1  0   0  1  0  0  0  3/6    14:01   0:46   4:31 
Andrew MacDonald         0  0  0   0  6   2  1  4  0  0  0/0    21:56   0:00   4:42 
Anthony Duclair          0  0  0   0  0   0  0  0  0  0  0/1     4:08   0:00   0:00 
Chris Kreider            0  0  0   2  0   1  6  1  0  0  0/1    17:49   0:00   0:34 
Dan Hamhuis              0  2  2   3  0   0  0  4  0  0  0/0    23:10   0:46   9:12 
Esa Lindell              2  0  2   3  0   3  2  0  0  0  0/0    18:42   1:13   6:15 
Jaccob Slavin            0  0  0  -1  6   2  1  5  0  0  0/0    22:01   0:46   4:30 
Jake Muzzin              1  0  1   2  0   1  1  0  0  0  0/0    17:14   1:13   0:52 
Jamie Oleksiak           0  0  0   1  2   1  2  0  0  0  0/0    16:47   0:00   3:08 
Jordan Staal             0  0  0   0  0   0  0  0  0  0  6/14    7:15   0:00   4:32 
Mika Zibanejad           0  0  0   0  0   2  0  0  0  0  0/0    14:19   0:46   0:00 
Patrik Berglund          0  0  0   1  0   0  0  1  0  0  5/8    18:47   0:00   8:38 
Reilly Smith             0  1  1   1  0   4  1  0  0  0  0/1    18:18   0:46   3:59 
Ryan Kesler              0  1  1   1  2   2  3  0  0  0  17/26  17:12   0:00   3:40 
Scott Wilson             0  0  0   0  0   0  0  0  0  0  0/0     4:08   0:00   0:00 
Thomas Vanek             0  1  1   1  0   0  0  0  0  0  0/0     9:57   1:13   0:00 
Viktor Arvidsson         0  3  3   2  0   2  1  0  0  0  0/1    18:28   1:13   0:00 

Players Stats for MINNESOTA Wild

Player Name              G  A  P  +/- PIM S  H  SB GA TA FO     MP     PP MP  PK MP  
------------------------------------------------------------------------------------
Alex Pietrangelo         1  0  1   0  0   4  1  1  0  0  0/0    27:34   8:06   0:33 
Alexander Kerfoot        0  0  0  -2  0   2  0  0  0  0  0/0     7:08   0:00   0:00 
J.T. Miller              0  1  1  -2  0   1  0  0  0  0  0/0    19:52   6:00   0:00 
James van Riemsdyk       1  0  1  -1  0   4  1  0  0  0  1/4    21:57   6:00   0:00 
Jean-Gabriel Pageau      0  0  0  -2  0   0  1  0  0  0  3/7     7:57   0:00   0:49 
Joel Armia               0  0  0  -2  0   0  0  0  0  0  0/0     8:18   0:00   1:10 
Kyle Okposo              0  0  0   0  0   1  0  0  0  0  0/0     6:43   0:00   0:00 
Marc-Edouard Vlasic      0  0  0  -1  2   2  1  0  0  0  0/0    25:09   6:15   0:00 
Mark Borowiecki          0  0  0  -1  0   0  4  1  0  0  0/0    10:33   0:00   0:00 
Morgan Rielly            0  0  0  -1  0   0  1  0  0  0  0/0    19:40   8:06   1:26 
Nikita Kucherov          0  1  1   0  0   3  0  0  0  0  0/1    24:18   8:21   0:00 
Ron Hainsey              0  0  0  -2  0   2  0  4  0  0  0/0    16:03   0:00   1:26 
Ryan Getzlaf             0  1  1   0  0   0  2  0  0  0  13/25  16:46   0:00   0:49 
Sean Monahan             0  1  1  -2  0   2  2  0  0  0  18/28  19:52   6:00   0:00 
Taylor Hall              0  0  0  -1  0   4  1  0  0  0  1/2    22:13   8:21   0:00 
Vladislav Namestnikov    0  0  0   0  0   0  0  0  0  0  3/8     6:43   0:00   0:00 
Yanni Gourde             0  0  0   0  0   0  0  0  0  0  7/14   16:14   8:21   1:10 
Zach Werenski            0  0  0  -3  0   1  2  1  0  0  0/0    21:00   6:15   0:33 

3 Stars

1 - Esa Lindell (NSH)
2 - Aleksander Barkov (NSH)
3 - Viktor Arvidsson (NSH)

Power Play

NASHVILLE Predators - 0 on 1 Attempt(s) - 0,00%
MINNESOTA Wild - 1 on 8 Attempt(s) - 12,50%

Penalty Kill

NASHVILLE Predators - 7 on 8 Attempt(s) - 87,50% - Score 1 goal in Penalty Kill
MINNESOTA Wild - 1 on 1 Attempt(s) - 100,00% - Score 0 goal in Penalty Kill

Team Stat

NASHVILLE Predators - Hits : 19 - Faceoff Wins : 43 - Blocked Shots : 15 - Penalty Minutes : 16
MINNESOTA Wild - Hits : 16 - Faceoff Wins : 46 - Blocked Shots : 7 - Penalty Minutes : 2

Official

Referees : Unknown
Linesman : Unknown

Game Notes

Jordan Staal is injured at 1:21 of 2nd period (Right Leg)
John Gibson enters game at 19:45 of 2nd period

Finance

Level 1 -- Attendance: 5043 (77,58%) -- Ticket Income 514 386 $
Level 2 -- Attendance: 4611 (76,85%) -- Ticket Income 281 271 $
Level 3 -- Attendance: 2456 (81,87%) -- Ticket Income 83 504 $
Level 4 -- Attendance: 3061 (76,53%) -- Ticket Income 76 525 $
Luxury Box -- Attendance: 790 (79,00%) -- Ticket Income 162 740 $
Game was played at the Xcel Energy Center.
Total Attendance: 15961 (77,86%)
Total Ticket Income: 1 118 426 $
Other Income: 436 186 $
Total Income: 1 554 612 $

NASHVILLE Predators

5 vs 5 Forward 
   Center                   Left Wing                Right Wing               Time % Phy DF OF 
 1 Aleksander Barkov        Chris Kreider            Viktor Arvidsson         40     1   1  3  
 2 Ryan Kesler              Reilly Smith             Mika Zibanejad           30     1   1  3  
 3 Jordan Staal             Thomas Vanek             Alex DeBrincat           20     1   1  3  
 4 Patrik Berglund          Scott Wilson             Anthony Duclair          10     1   3  1  

5 vs 5 Defense 
   Defense                  Defense                                           Time % Phy DF OF 
 1 Jaccob Slavin            Andrew MacDonald                                  40     1   1  3  
 2 Dan Hamhuis              Esa Lindell                                       30     1   3  1  
 3 Jake Muzzin              Jamie Oleksiak                                    20     1   2  2  
 4 Dan Hamhuis              Jake Muzzin                                       10     1   2  2  

PowerPlay Forward 
   Center                   Left Wing                Right Wing               Time % Phy DF OF 
 1 Aleksander Barkov        Viktor Arvidsson         Thomas Vanek             60     0   1  4  
 2 Mika Zibanejad           Reilly Smith             Alex DeBrincat           40     0   1  4  

PowerPlay Defense
   Defense                  Defense                                           Time % Phy DF OF 
 1 Jake Muzzin              Esa Lindell                                       60     1   1  3  
 2 Dan Hamhuis              Jaccob Slavin                                     40     1   1  3  

Penalty Kill 4 Players Forward 
   Center                   Wing                     Time % Phy DF OF 
 1 Jordan Staal             Patrik Berglund          60     1   2  2  
 2 Ryan Kesler              Reilly Smith             40     1   2  2  

Penalty Kill 4 Players Defense
   Defense                  Defense                  Time % Phy DF OF 
 1 Dan Hamhuis              Jaccob Slavin            60     1   2  2  
 2 Andrew MacDonald         Esa Lindell              40     1   2  2  

Penalty Kill - 3 Players Forward 
   Forward                                           Time % Phy DF OF 
 1 Aleksander Barkov                                 60     1   2  2  
 2 Jordan Staal                                      40     1   2  2  

Penalty Kill - 3 Players Defense
   Defense                  Defense                  Time % Phy DF OF 
 1 Jaccob Slavin            Andrew MacDonald         60     1   2  2  
 2 Dan Hamhuis              Jake Muzzin              40     1   2  2  

4 vs 4 Forward 
   Center                   Wing                     Time % Phy DF OF 
 1 Aleksander Barkov        Viktor Arvidsson         60     1   2  2  
 2 Mika Zibanejad           Reilly Smith             40     1   2  2  

4 vs 4 Defense
   Defense                  Defense                  Time % Phy DF OF 
 1 Andrew MacDonald         Jaccob Slavin            60     1   2  2  
 2 Dan Hamhuis              Jaccob Slavin            40     1   2  2  

Last Minutes Offensive
   Center                   Left Wing                Right Wing               Defense                  Defense                  
   Aleksander Barkov        Viktor Arvidsson         Reilly Smith             Jaccob Slavin            Jake Muzzin              

Last Minutes Defensive
   Center                   Left Wing                Right Wing               Defense                  Defense                  
   Aleksander Barkov        Viktor Arvidsson         Reilly Smith             Jaccob Slavin            Jake Muzzin              

Goaltenders
Starting : Semyon Varlamov          
Backup : Juuse Saros              

Extra Forwards
Normal : Thomas Vanek, Patrik Berglund, Alex DeBrincat - PP : Jordan Staal, Patrik Berglund - PK : Alex DeBrincat
Extra Defensemen
Normal : Andrew MacDonald, Jake Muzzin, Dan Hamhuis - PP : Andrew MacDonald - PK : Andrew MacDonald, Dan Hamhuis
Penalty Shots
Viktor Arvidsson, Alex DeBrincat, Chris Kreider, Mika Zibanejad, Aleksander Barkov

MINNESOTA Wild

5 vs 5 Forward 
   Center                   Left Wing                Right Wing               Time % Phy DF OF 
 1 Ryan Getzlaf             James van Riemsdyk       Nikita Kucherov          40     0   1  4  
 2 Sean Monahan             Taylor Hall              J.T. Miller              34     1   1  3  
 3 Vladislav Namestnikov    Yanni Gourde             Kyle Okposo              20     0   2  3  
 4 Jean-Gabriel Pageau      Alexander Kerfoot        Joel Armia               6      1   3  1  

5 vs 5 Defense 
   Defense                  Defense                                           Time % Phy DF OF 
 1 Alex Pietrangelo         Marc-Edouard Vlasic                               40     1   2  2  
 2 Ron Hainsey              Zach Werenski                                     30     1   2  2  
 3 Morgan Rielly            Mark Borowiecki                                   20     1   2  2  
 4 Alex Pietrangelo         Marc-Edouard Vlasic                               10     1   2  2  

PowerPlay Forward 
   Center                   Left Wing                Right Wing               Time % Phy DF OF 
 1 Yanni Gourde             Taylor Hall              Nikita Kucherov          60     0   0  5  
 2 Sean Monahan             James van Riemsdyk       J.T. Miller              40     0   1  4  

PowerPlay Defense
   Defense                  Defense                                           Time % Phy DF OF 
 1 Alex Pietrangelo         Morgan Rielly                                     60     0   1  4  
 2 Zach Werenski            Marc-Edouard Vlasic                               40     0   2  3  

Penalty Kill 4 Players Forward 
   Center                   Wing                     Time % Phy DF OF 
 1 Yanni Gourde             Joel Armia               60     1   3  1  
 2 Ryan Getzlaf             Jean-Gabriel Pageau      40     0   4  1  

Penalty Kill 4 Players Defense
   Defense                  Defense                  Time % Phy DF OF 
 1 Alex Pietrangelo         Marc-Edouard Vlasic      60     1   3  1  
 2 Ron Hainsey              Morgan Rielly            40     1   3  1  

Penalty Kill - 3 Players Forward 
   Forward                                           Time % Phy DF OF 
 1 Ryan Getzlaf                                      55     1   4  0  
 2 Yanni Gourde                                      45     0   4  1  

Penalty Kill - 3 Players Defense
   Defense                  Defense                  Time % Phy DF OF 
 1 Alex Pietrangelo         Marc-Edouard Vlasic      60     1   4  0  
 2 Ron Hainsey              Morgan Rielly            40     1   4  0  

4 vs 4 Forward 
   Center                   Wing                     Time % Phy DF OF 
 1 Taylor Hall              Yanni Gourde             60     0   2  3  
 2 Ryan Getzlaf             Nikita Kucherov          40     0   0  5  

4 vs 4 Defense
   Defense                  Defense                  Time % Phy DF OF 
 1 Ron Hainsey              Marc-Edouard Vlasic      60     1   3  1  
 2 Alex Pietrangelo         Morgan Rielly            40     0   2  3  

Last Minutes Offensive
   Center                   Left Wing                Right Wing               Defense                  Defense                  
   Ryan Getzlaf             Taylor Hall              Nikita Kucherov          Alex Pietrangelo         Morgan Rielly            

Last Minutes Defensive
   Center                   Left Wing                Right Wing               Defense                  Defense                  
   Ryan Getzlaf             Yanni Gourde             Jean-Gabriel Pageau      Alex Pietrangelo         Marc-Edouard Vlasic      

Goaltenders
Starting : Pekka Rinne              
Backup : John Gibson              

Extra Forwards
Normal : Vladislav Namestnikov, Yanni Gourde, Taylor Hall - PP : Nikita Kucherov, Yanni Gourde - PK : Jean-Gabriel Pageau
Extra Defensemen
Normal : Mark Borowiecki, Morgan Rielly, Ron Hainsey - PP : Ron Hainsey - PK : Zach Werenski, Mark Borowiecki
Penalty Shots
Nikita Kucherov, James van Riemsdyk, Taylor Hall, Sean Monahan, Alex Pietrangelo


% Time on Ice - NASHVILLE Predators

Lines # - Real PCT - Wanted PCT - Time Play
Normal Forward
1 - 40% - 40% - 17:15
2 - 31% - 30% - 13:33
3 - 20% - 20% - 8:44
4 - 9% - 10% - 4:08
Normal Defense
1 - 40% - 40% - 17:17
2 - 26% - 30% - 11:14
3 - 30% - 20% - 13:11
4 - 5% - 10% - 1:58
PP Forward
1 - 61% - 60% - 1:13
2 - 39% - 40% - 0:46
PP Defense
1 - 61% - 60% - 1:13
2 - 39% - 40% - 0:46
PK Forward
1 - 72% - 60% - 10:22
2 - 28% - 40% - 3:59
PK Defense
1 - 52% - 60% - 7:28
2 - 48% - 40% - 6:53
PK3 Forward
1 - 0% - 60%
2 - 0% - 40%
PK3 Defense
1 - 0% - 60%
2 - 0% - 40%
44 Forward
1 - 0% - 60%
2 - 0% - 40%
44 Defense
1 - 0% - 60%
2 - 0% - 40%
Last Minute Offensive  - 0:00
Last Minute Defensive  - 0:00
Total
Forward - 60:00
Defense - 60:00

% Time on Ice - MINNESOTA Wild

Lines # - Real PCT - Wanted PCT - Time Play
Normal Forward
1 - 37% - 40% - 15:57
2 - 32% - 34% - 13:52
3 - 15% - 20% - 6:43
4 - 16% - 6% - 7:08
Normal Defense
1 - 42% - 40% - 18:20
2 - 33% - 30% - 14:37
3 - 23% - 20% - 10:08
4 - 1% - 10% - 0:35
PP Forward
1 - 58% - 60% - 8:21
2 - 42% - 40% - 6:00
PP Defense
1 - 56% - 60% - 8:06
2 - 44% - 40% - 6:15
PK Forward
1 - 59% - 60% - 1:10
2 - 41% - 40% - 0:49
PK Defense
1 - 28% - 60% - 0:33
2 - 72% - 40% - 1:26
PK3 Forward
1 - 0% - 55%
2 - 0% - 45%
PK3 Defense
1 - 0% - 60%
2 - 0% - 40%
44 Forward
1 - 0% - 60%
2 - 0% - 40%
44 Defense
1 - 0% - 60%
2 - 0% - 40%
Last Minute Offensive  - 0:00
Last Minute Defensive  - 0:00
Total
Forward - 60:00
Defense - 60:00

Play-by-Play

1st period


0:01 of 1st period - Aleksander Barkov wins face-off versus Ryan Getzlaf in neutral zone.
0:22 of 1st period - Shot by Nikita Kucherov.
0:22 of 1st period - Shot Blocked by Andrew MacDonald.
0:39 of 1st period - James van Riemsdyk is hit by Andrew MacDonald and loses puck.
1:24 of 1st period - Shot by Reilly Smith.
1:24 of 1st period - Shot Misses the Net.
2:11 of 1st period - Jamie Oleksiak is hit by Mark Borowiecki and loses puck.
3:03 of 1st period - Minor Penalty to Jaccob Slavin for Tripping.
3:04 of 1st period - Sean Monahan wins face-off versus Jordan Staal in NASHVILLE Predators zone.
3:13 of 1st period - Shot by Sean Monahan.
3:13 of 1st period - Stopped by Semyon Varlamov without a rebound.
3:14 of 1st period - Yanni Gourde wins face-off versus Jordan Staal in NASHVILLE Predators zone.
3:15 of 1st period - Shot by Nikita Kucherov.
3:15 of 1st period - Shot Misses the Net.
4:22 of 1st period - Icing by Marc-Edouard Vlasic.
4:23 of 1st period - Sean Monahan wins face-off versus Ryan Kesler in MINNESOTA Wild zone.
4:45 of 1st period - Shot by Zach Werenski.
4:45 of 1st period - Stopped by Semyon Varlamov without a rebound.
4:46 of 1st period - Sean Monahan wins face-off versus Jordan Staal in NASHVILLE Predators zone.
4:51 of 1st period - Shot by Sean Monahan.
4:51 of 1st period - Shot Misses the Net.
5:05 of 1st period - Shot by Sean Monahan.
5:05 of 1st period - Shot Hit the Post.
5:11 of 1st period - Shot by Aleksander Barkov.
5:11 of 1st period - Stopped by Pekka Rinne with a rebound.
5:13 of 1st period - Shot by Jaccob Slavin.
5:13 of 1st period - Stopped by Pekka Rinne without a rebound.
5:14 of 1st period - Jean-Gabriel Pageau wins face-off versus Ryan Kesler in MINNESOTA Wild zone.
5:14 of 1st period - Jean-Gabriel Pageau is hit by Ryan Kesler.
5:29 of 1st period - Alexander Kerfoot is hit by Jamie Oleksiak and loses puck.
5:45 of 1st period - Reilly Smith is hit by Mark Borowiecki and loses puck.
5:47 of 1st period - Minor Penalty to Ryan Kesler for Roughing.
5:48 of 1st period - Yanni Gourde wins face-off versus Jordan Staal in NASHVILLE Predators zone.
6:07 of 1st period - Shot by Yanni Gourde.
6:07 of 1st period - Shot Blocked by Dan Hamhuis.
6:09 of 1st period - Shot by Zach Werenski.
6:09 of 1st period - Shot Misses the Net.
6:11 of 1st period - Shot by Taylor Hall.
6:11 of 1st period - Shot Blocked by Dan Hamhuis.
6:24 of 1st period - Icing by Yanni Gourde.
6:25 of 1st period - Jordan Staal wins face-off versus Nikita Kucherov in MINNESOTA Wild zone.
7:10 of 1st period - J.T. Miller is hit by Alex DeBrincat and loses puck.
8:11 of 1st period - Icing by Jamie Oleksiak.
8:12 of 1st period - Vladislav Namestnikov wins face-off versus Aleksander Barkov in NASHVILLE Predators zone.
8:56 of 1st period - Icing by Viktor Arvidsson.
8:57 of 1st period - Ryan Getzlaf wins face-off versus Aleksander Barkov in NASHVILLE Predators zone.
8:58 of 1st period - Shot by Nikita Kucherov.
8:58 of 1st period - Shot Misses the Net.
9:53 of 1st period - Morgan Rielly is hit by Chris Kreider and loses puck.
10:49 of 1st period - Shot by Marc-Edouard Vlasic.
10:49 of 1st period - Deflect By Joel Armia.
10:49 of 1st period - Shot Misses the Net.
10:54 of 1st period - Icing by Andrew MacDonald.
10:55 of 1st period - Vladislav Namestnikov wins face-off versus Ryan Kesler in NASHVILLE Predators zone.
10:56 of 1st period - Shot by Marc-Edouard Vlasic.
10:56 of 1st period - Shot Blocked by Jaccob Slavin.
11:12 of 1st period - Off-side.
11:13 of 1st period - Ryan Getzlaf wins face-off versus Jordan Staal in neutral zone.
13:18 of 1st period - Shot by Ryan Kesler.
13:18 of 1st period - Deflect By Reilly Smith.
13:18 of 1st period - Shot Misses the Net.
13:20 of 1st period - Shot by Jamie Oleksiak.
13:20 of 1st period - Stopped by Pekka Rinne without a rebound.
13:21 of 1st period - Aleksander Barkov wins face-off versus Vladislav Namestnikov in MINNESOTA Wild zone.
13:26 of 1st period - Shot by Aleksander Barkov.
13:26 of 1st period - Shot Misses the Net.
13:51 of 1st period - Vladislav Namestnikov is hit by Esa Lindell and loses puck.
13:54 of 1st period - Shot by Kyle Okposo.
13:54 of 1st period - Shot Hit the Post.
14:12 of 1st period - Off-side.
14:13 of 1st period - Ryan Kesler wins face-off versus Ryan Getzlaf in neutral zone.
14:34 of 1st period - Shot by Reilly Smith.
14:34 of 1st period - Stopped by Pekka Rinne without a rebound.
14:35 of 1st period - Sean Monahan wins face-off versus Jordan Staal in MINNESOTA Wild zone.
15:07 of 1st period - Icing by Alex Pietrangelo.
15:08 of 1st period - Sean Monahan wins face-off versus Aleksander Barkov in MINNESOTA Wild zone.
15:08 of 1st period - Sean Monahan is hit by Chris Kreider.
15:22 of 1st period - Minor Penalty to Jamie Oleksiak for Holding.
15:23 of 1st period - Patrik Berglund wins face-off versus Yanni Gourde in NASHVILLE Predators zone.
15:40 of 1st period - Shot by Taylor Hall.
15:40 of 1st period - Stopped by Semyon Varlamov without a rebound.
15:41 of 1st period - Sean Monahan wins face-off versus Jordan Staal in NASHVILLE Predators zone.
15:46 of 1st period - Shot by James van Riemsdyk.
15:46 of 1st period - Shot Blocked by Andrew MacDonald.
15:57 of 1st period - Icing by Zach Werenski.
15:58 of 1st period - Jordan Staal wins face-off versus Sean Monahan in MINNESOTA Wild zone.
16:11 of 1st period - Shot by Sean Monahan.
16:11 of 1st period - Deflect By J.T. Miller.
16:11 of 1st period - Stopped by Semyon Varlamov with a rebound.
16:20 of 1st period - Icing by Zach Werenski.
16:21 of 1st period - Ryan Kesler wins face-off versus Sean Monahan in MINNESOTA Wild zone.
16:30 of 1st period - Shot by Ryan Kesler.
16:30 of 1st period - Shot Misses the Net.
16:32 of 1st period - Shot by Reilly Smith.
16:32 of 1st period - Shot Misses the Net.
16:34 of 1st period - Shot by Esa Lindell.
16:34 of 1st period - Goal by Esa Lindell - NASHVILLE Predators : 1 - MINNESOTA Wild : 0.
16:35 of 1st period - Yanni Gourde wins face-off versus Jordan Staal in neutral zone.
17:01 of 1st period - Icing by Yanni Gourde.
17:02 of 1st period - Jordan Staal wins face-off versus Yanni Gourde in MINNESOTA Wild zone.
17:21 of 1st period - Shot by Taylor Hall.
17:21 of 1st period - Shot Misses the Net.
17:26 of 1st period - Off-side.
17:27 of 1st period - Aleksander Barkov wins face-off versus Jean-Gabriel Pageau in neutral zone.
17:49 of 1st period - Shot by Aleksander Barkov.
17:49 of 1st period - Shot Blocked by Ron Hainsey.
17:51 of 1st period - Shot by Jake Muzzin.
17:51 of 1st period - Goal by Jake Muzzin - NASHVILLE Predators : 2 - MINNESOTA Wild : 0.
17:52 of 1st period - Ryan Kesler wins face-off versus Ryan Getzlaf in neutral zone.
18:06 of 1st period - Off-side.
18:07 of 1st period - Sean Monahan wins face-off versus Aleksander Barkov in neutral zone.
18:14 of 1st period - Shot by Taylor Hall.
18:14 of 1st period - Shot Blocked by Dan Hamhuis.
18:16 of 1st period - Shot by Ron Hainsey.
18:16 of 1st period - Stopped by Semyon Varlamov with a rebound.
18:21 of 1st period - Icing by Aleksander Barkov.
18:22 of 1st period - Aleksander Barkov wins face-off versus Ryan Getzlaf in NASHVILLE Predators zone.
18:33 of 1st period - Shot by Viktor Arvidsson.
18:33 of 1st period - Stopped by Pekka Rinne without a rebound.
18:34 of 1st period - Sean Monahan wins face-off versus Ryan Kesler in MINNESOTA Wild zone.
18:46 of 1st period - Off-side.
18:47 of 1st period - Ryan Getzlaf wins face-off versus Viktor Arvidsson in neutral zone.
18:56 of 1st period - Shot by James van Riemsdyk.
18:56 of 1st period - Stopped by Semyon Varlamov without a rebound.
18:57 of 1st period - Ryan Getzlaf wins face-off versus Ryan Kesler in NASHVILLE Predators zone.
18:59 of 1st period - Minor Penalty to Andrew MacDonald for Hooking.
19:00 of 1st period - Jordan Staal wins face-off versus Yanni Gourde in NASHVILLE Predators zone.
19:37 of 1st period - Shot by Nikita Kucherov.
19:37 of 1st period - Stopped by Semyon Varlamov without a rebound.
19:38 of 1st period - Sean Monahan wins face-off versus Ryan Kesler in NASHVILLE Predators zone.
19:47 of 1st period - Shot by James van Riemsdyk.
19:47 of 1st period - Goal by James van Riemsdyk - NASHVILLE Predators : 2 - MINNESOTA Wild : 1.
19:48 of 1st period - Aleksander Barkov wins face-off versus Jean-Gabriel Pageau in neutral zone.
Goals for this period are 2 for NASHVILLE Predators vs 1 for MINNESOTA Wild.
Shots for this period are 7 for NASHVILLE Predators vs 8 for MINNESOTA Wild.

2nd period


0:01 of 2nd period - Aleksander Barkov wins face-off versus Ryan Getzlaf in neutral zone.
0:04 of 2nd period - Alex Pietrangelo is hit by Chris Kreider and loses puck.
0:31 of 2nd period - Shot by Nikita Kucherov.
0:31 of 2nd period - Deflect By Ryan Getzlaf.
0:31 of 2nd period - Shot Misses the Net.
0:33 of 2nd period - Shot by Ryan Getzlaf.
0:33 of 2nd period - Shot Blocked by Jaccob Slavin.
0:35 of 2nd period - Shot by Alex Pietrangelo.
0:35 of 2nd period - Goal by Alex Pietrangelo - NASHVILLE Predators : 2 - MINNESOTA Wild : 2.
0:36 of 2nd period - Ryan Kesler wins face-off versus Sean Monahan in neutral zone.
0:52 of 2nd period - J.T. Miller is hit by Ryan Kesler and loses puck.
0:56 of 2nd period - Off-side.
0:57 of 2nd period - Jordan Staal wins face-off versus Vladislav Namestnikov in neutral zone.
1:19 of 2nd period - Icing by Jake Muzzin.
1:20 of 2nd period - Jordan Staal wins face-off versus Ryan Getzlaf in NASHVILLE Predators zone.
1:20 of 2nd period - Jordan Staal is hit by James van Riemsdyk.
1:21 of 2nd period - Jordan Staal from NASHVILLE Predators is injured at 1:21 of 2nd period (Right Leg).
1:22 of 2nd period - Aleksander Barkov wins face-off versus James van Riemsdyk in NASHVILLE Predators zone.
1:47 of 2nd period - Shot by Ryan Getzlaf.
1:47 of 2nd period - Deflect By Nikita Kucherov.
1:47 of 2nd period - Shot Blocked by Chris Kreider.
1:49 of 2nd period - Shot by Nikita Kucherov.
1:49 of 2nd period - Deflect By James van Riemsdyk.
1:49 of 2nd period - Shot Blocked by Andrew MacDonald.
1:55 of 2nd period - Shot by Nikita Kucherov.
1:55 of 2nd period - Shot Misses the Net.
1:57 of 2nd period - Shot by Marc-Edouard Vlasic.
1:57 of 2nd period - Stopped by Semyon Varlamov without a rebound.
1:58 of 2nd period - Ryan Kesler wins face-off versus Sean Monahan in NASHVILLE Predators zone.
2:11 of 2nd period - Ron Hainsey is hit by Reilly Smith and loses puck.
2:51 of 2nd period - Icing by Ron Hainsey.
2:52 of 2nd period - Sean Monahan wins face-off versus Aleksander Barkov in MINNESOTA Wild zone.
3:29 of 2nd period - Off-side.
3:30 of 2nd period - Patrik Berglund wins face-off versus Vladislav Namestnikov in neutral zone.
5:11 of 2nd period - Thomas Vanek is hit by Zach Werenski and loses puck.
6:34 of 2nd period - Shot by Viktor Arvidsson.
6:34 of 2nd period - Stopped by Pekka Rinne without a rebound.
6:35 of 2nd period - Ryan Kesler wins face-off versus Ryan Getzlaf in MINNESOTA Wild zone.
6:35 of 2nd period - Ryan Kesler is hit by Marc-Edouard Vlasic.
6:43 of 2nd period - Shot by Ryan Kesler.
6:43 of 2nd period - Shot Misses the Net.
6:45 of 2nd period - Shot by Mika Zibanejad.
6:45 of 2nd period - Deflect By Ryan Kesler.
6:45 of 2nd period - Shot Blocked by Alex Pietrangelo.
6:47 of 2nd period - Shot by Ryan Kesler.
6:47 of 2nd period - Shot Misses the Net.
6:59 of 2nd period - Shot by Ryan Kesler.
6:59 of 2nd period - Shot Misses the Net.
7:07 of 2nd period - Shot by Reilly Smith.
7:07 of 2nd period - Stopped by Pekka Rinne without a rebound.
7:08 of 2nd period - Sean Monahan wins face-off versus Aleksander Barkov in MINNESOTA Wild zone.
7:08 of 2nd period - Sean Monahan is hit by Chris Kreider.
7:11 of 2nd period - Icing by Taylor Hall.
7:12 of 2nd period - Sean Monahan wins face-off versus Aleksander Barkov in MINNESOTA Wild zone.
7:18 of 2nd period - Minor Penalty to Andrew MacDonald for Holding.
7:19 of 2nd period - Yanni Gourde wins face-off versus Ryan Kesler in NASHVILLE Predators zone.
7:32 of 2nd period - Shot by Morgan Rielly.
7:32 of 2nd period - Shot Misses the Net.
8:21 of 2nd period - Icing by Marc-Edouard Vlasic.
8:22 of 2nd period - Ryan Kesler wins face-off versus Sean Monahan in MINNESOTA Wild zone.
8:23 of 2nd period - Shot by Reilly Smith.
8:23 of 2nd period - Stopped by Pekka Rinne without a rebound.
8:24 of 2nd period - Ryan Kesler wins face-off versus Sean Monahan in MINNESOTA Wild zone.
8:32 of 2nd period - Shot by J.T. Miller.
8:32 of 2nd period - Shot Blocked by Dan Hamhuis.
8:34 of 2nd period - Shot by Marc-Edouard Vlasic.
8:34 of 2nd period - Shot Blocked by Jaccob Slavin.
8:36 of 2nd period - Shot by Marc-Edouard Vlasic.
8:36 of 2nd period - Stopped by Semyon Varlamov without a rebound.
8:37 of 2nd period - Sean Monahan wins face-off versus Aleksander Barkov in NASHVILLE Predators zone.
8:42 of 2nd period - Shot by Alex Pietrangelo.
8:42 of 2nd period - Shot Misses the Net.
9:23 of 2nd period - Minor Penalty to Andrew MacDonald for Slashing.
9:24 of 2nd period - Yanni Gourde wins face-off versus Aleksander Barkov in NASHVILLE Predators zone.
10:49 of 2nd period - Shot by James van Riemsdyk.
10:49 of 2nd period - Shot Blocked by Jaccob Slavin.
10:51 of 2nd period - Shot by Alex Pietrangelo.
10:51 of 2nd period - Stopped by Semyon Varlamov without a rebound.
10:52 of 2nd period - Ryan Kesler wins face-off versus Sean Monahan in NASHVILLE Predators zone.
11:05 of 2nd period - Shot by Alex Pietrangelo.
11:05 of 2nd period - Stopped by Semyon Varlamov without a rebound.
11:06 of 2nd period - Ryan Kesler wins face-off versus Yanni Gourde in NASHVILLE Predators zone.
11:29 of 2nd period - Shot by Jean-Gabriel Pageau.
11:29 of 2nd period - Deflect By Alexander Kerfoot.
11:29 of 2nd period - Stopped by Semyon Varlamov with a rebound.
11:39 of 2nd period - Shot by Jaccob Slavin.
11:39 of 2nd period - Deflect By Mika Zibanejad.
11:39 of 2nd period - Stopped by Pekka Rinne with a rebound.
11:54 of 2nd period - Mika Zibanejad is hit by Mark Borowiecki and loses puck.
12:06 of 2nd period - Icing by Mark Borowiecki.
12:07 of 2nd period - Jean-Gabriel Pageau wins face-off versus Aleksander Barkov in MINNESOTA Wild zone.
12:07 of 2nd period - Jean-Gabriel Pageau is hit by Viktor Arvidsson.
12:13 of 2nd period - Shot by Aleksander Barkov.
12:13 of 2nd period - Goal by Aleksander Barkov - NASHVILLE Predators : 3 - MINNESOTA Wild : 2.
12:14 of 2nd period - Ryan Getzlaf wins face-off versus Patrik Berglund in neutral zone.
12:41 of 2nd period - Shot by Nikita Kucherov.
12:41 of 2nd period - The goal is going for a video replay.
12:41 of 2nd period - The goal is refused.
12:42 of 2nd period - Sean Monahan wins face-off versus Aleksander Barkov in NASHVILLE Predators zone.
13:31 of 2nd period - Jamie Oleksiak is hit by Zach Werenski and loses puck.
13:59 of 2nd period - Icing by Marc-Edouard Vlasic.
14:00 of 2nd period - Ryan Getzlaf wins face-off versus Reilly Smith in MINNESOTA Wild zone.
14:40 of 2nd period - Minor Penalty to Jaccob Slavin for Cross-checking.
14:41 of 2nd period - Alex DeBrincat wins face-off versus Yanni Gourde in NASHVILLE Predators zone.
14:58 of 2nd period - Shot by Nikita Kucherov.
14:58 of 2nd period - Stopped by Semyon Varlamov without a rebound.
14:59 of 2nd period - Alex DeBrincat wins face-off versus Sean Monahan in NASHVILLE Predators zone.
15:12 of 2nd period - Dan Hamhuis is hit by Sean Monahan and loses puck.
15:42 of 2nd period - Icing by J.T. Miller.
15:43 of 2nd period - Sean Monahan wins face-off versus Alex DeBrincat in MINNESOTA Wild zone.
16:44 of 2nd period - Jaccob Slavin is hit by Jean-Gabriel Pageau and loses puck.
16:55 of 2nd period - Shot by Joel Armia.
16:55 of 2nd period - Deflect By Alexander Kerfoot.
16:55 of 2nd period - Stopped by Semyon Varlamov without a rebound.
16:56 of 2nd period - Ryan Kesler wins face-off versus Jean-Gabriel Pageau in NASHVILLE Predators zone.
17:34 of 2nd period - Jean-Gabriel Pageau is hit by Jake Muzzin.
17:56 of 2nd period - Shot by Sean Monahan.
17:56 of 2nd period - Stopped by Semyon Varlamov with a rebound.
18:08 of 2nd period - Shot by Aleksander Barkov.
18:08 of 2nd period - Shot Misses the Net.
18:10 of 2nd period - Shot by Aleksander Barkov.
18:10 of 2nd period - Stopped by Pekka Rinne without a rebound.
18:11 of 2nd period - Ryan Getzlaf wins face-off versus Anthony Duclair in MINNESOTA Wild zone.
18:33 of 2nd period - Shot by Nikita Kucherov.
18:33 of 2nd period - Shot Blocked by Andrew MacDonald.
18:35 of 2nd period - Shot by Nikita Kucherov.
18:35 of 2nd period - Shot Misses the Net.
18:37 of 2nd period - Shot by James van Riemsdyk.
18:37 of 2nd period - Shot Misses the Net.
18:39 of 2nd period - Shot by James van Riemsdyk.
18:39 of 2nd period - Stopped by Semyon Varlamov without a rebound.
18:40 of 2nd period - Vladislav Namestnikov wins face-off versus Aleksander Barkov in NASHVILLE Predators zone.
18:53 of 2nd period - Shot by Yanni Gourde.
18:53 of 2nd period - Shot Misses the Net.
19:05 of 2nd period - Shot by Chris Kreider.
19:05 of 2nd period - Stopped by Pekka Rinne without a rebound.
19:06 of 2nd period - Ryan Kesler wins face-off versus James van Riemsdyk in MINNESOTA Wild zone.
19:23 of 2nd period - Icing by Jaccob Slavin.
19:24 of 2nd period - Ryan Kesler wins face-off versus Sean Monahan in NASHVILLE Predators zone.
19:37 of 2nd period - Shot by Taylor Hall.
19:37 of 2nd period - Stopped by Semyon Varlamov without a rebound.
19:38 of 2nd period - Aleksander Barkov wins face-off versus Ryan Getzlaf in NASHVILLE Predators zone.
19:45 of 2nd period - Shot by Aleksander Barkov.
19:45 of 2nd period - Goal by Aleksander Barkov - NASHVILLE Predators : 4 - MINNESOTA Wild : 2.
19:45 of 2nd period - John Gibson enters game.
19:46 of 2nd period - Ryan Getzlaf wins face-off versus Aleksander Barkov in neutral zone.
Goals for this period are 2 for NASHVILLE Predators vs 1 for MINNESOTA Wild.
Shots for this period are 8 for NASHVILLE Predators vs 12 for MINNESOTA Wild.

3rd period


0:01 of 3rd period - Ryan Getzlaf wins face-off versus Aleksander Barkov in neutral zone.
0:35 of 3rd period - Aleksander Barkov is hit by Alex Pietrangelo and loses puck.
0:44 of 3rd period - Shot by Andrew MacDonald.
0:44 of 3rd period - Stopped by John Gibson with a rebound.
0:51 of 3rd period - Icing by Alex Pietrangelo.
0:52 of 3rd period - Ryan Getzlaf wins face-off versus Ryan Kesler in MINNESOTA Wild zone.
1:41 of 3rd period - Off-side.
1:42 of 3rd period - Taylor Hall wins face-off versus Patrik Berglund in neutral zone.
1:44 of 3rd period - Off-side.
1:45 of 3rd period - Sean Monahan wins face-off versus Aleksander Barkov in neutral zone.
2:02 of 3rd period - Shot by Viktor Arvidsson.
2:02 of 3rd period - Shot Blocked by Ron Hainsey.
2:10 of 3rd period - Shot by Viktor Arvidsson.
2:10 of 3rd period - Shot Blocked by Zach Werenski.
2:12 of 3rd period - Shot by Jaccob Slavin.
2:12 of 3rd period - Shot Misses the Net.
2:59 of 3rd period - Icing by Dan Hamhuis.
3:00 of 3rd period - Ryan Kesler wins face-off versus Jean-Gabriel Pageau in NASHVILLE Predators zone.
3:14 of 3rd period - Jean-Gabriel Pageau is hit by Esa Lindell.
3:24 of 3rd period - Shot by Mika Zibanejad.
3:24 of 3rd period - Stopped by John Gibson without a rebound.
3:25 of 3rd period - Ryan Getzlaf wins face-off versus Patrik Berglund in MINNESOTA Wild zone.
3:55 of 3rd period - Shot by Thomas Vanek.
3:55 of 3rd period - Shot Blocked by Mark Borowiecki.
3:58 of 3rd period - Icing by Mark Borowiecki.
3:59 of 3rd period - Aleksander Barkov wins face-off versus Ryan Getzlaf in MINNESOTA Wild zone.
4:06 of 3rd period - Shot by Viktor Arvidsson.
4:06 of 3rd period - Shot Misses the Net.
4:08 of 3rd period - Shot by Esa Lindell.
4:08 of 3rd period - Stopped by John Gibson without a rebound.
4:09 of 3rd period - Sean Monahan wins face-off versus Ryan Kesler in MINNESOTA Wild zone.
4:09 of 3rd period - Sean Monahan is hit by Ryan Kesler.
4:51 of 3rd period - Ryan Kesler is hit by Sean Monahan and loses puck.
5:01 of 3rd period - Icing by Alex Pietrangelo.
5:02 of 3rd period - Sean Monahan wins face-off versus Aleksander Barkov in MINNESOTA Wild zone.
5:02 of 3rd period - Sean Monahan is hit by Chris Kreider.
5:18 of 3rd period - Minor Penalty to Marc-Edouard Vlasic for Hooking.
5:19 of 3rd period - Aleksander Barkov wins face-off versus Yanni Gourde in MINNESOTA Wild zone.
5:31 of 3rd period - Aleksander Barkov is hit by Morgan Rielly and loses puck.
5:45 of 3rd period - Icing by Thomas Vanek.
5:46 of 3rd period - Yanni Gourde wins face-off versus Aleksander Barkov in NASHVILLE Predators zone.
7:26 of 3rd period - Shot by Andrew MacDonald.
7:26 of 3rd period - Stopped by John Gibson with a rebound.
7:50 of 3rd period - Shot by Taylor Hall.
7:50 of 3rd period - Shot Misses the Net.
7:58 of 3rd period - Shot by Sean Monahan.
7:58 of 3rd period - Shot Misses the Net.
8:37 of 3rd period - Shot by Ryan Getzlaf.
8:37 of 3rd period - Shot Misses the Net.
8:53 of 3rd period - Shot by Kyle Okposo.
8:53 of 3rd period - Shot Misses the Net.
10:24 of 3rd period - Shot by Taylor Hall.
10:24 of 3rd period - Stopped by Semyon Varlamov without a rebound.
10:25 of 3rd period - Patrik Berglund wins face-off versus James van Riemsdyk in NASHVILLE Predators zone.
10:25 of 3rd period - Jake Muzzin is hit by Ryan Getzlaf and loses puck.
10:32 of 3rd period - Jake Muzzin is hit by Mark Borowiecki and loses puck.
10:53 of 3rd period - Shot by Anthony Duclair.
10:53 of 3rd period - Shot Misses the Net.
11:44 of 3rd period - Shot by Ryan Kesler.
11:44 of 3rd period - Stopped by John Gibson without a rebound.
11:45 of 3rd period - Ryan Kesler wins face-off versus Vladislav Namestnikov in MINNESOTA Wild zone.
11:50 of 3rd period - Shot by Reilly Smith.
11:50 of 3rd period - Shot Blocked by Ron Hainsey.
12:29 of 3rd period - Shot by Ron Hainsey.
12:29 of 3rd period - Stopped by Semyon Varlamov with a rebound.
13:14 of 3rd period - Shot by Thomas Vanek.
13:14 of 3rd period - Shot Misses the Net.
13:16 of 3rd period - Shot by Dan Hamhuis.
13:16 of 3rd period - Shot Misses the Net.
13:18 of 3rd period - Shot by Esa Lindell.
13:18 of 3rd period - Goal by Esa Lindell - NASHVILLE Predators : 5 - MINNESOTA Wild : 2.
13:19 of 3rd period - Aleksander Barkov wins face-off versus Ryan Getzlaf in neutral zone.
13:26 of 3rd period - Shot by Jaccob Slavin.
13:26 of 3rd period - Stopped by John Gibson without a rebound.
13:27 of 3rd period - Ryan Getzlaf wins face-off versus Chris Kreider in MINNESOTA Wild zone.
13:34 of 3rd period - Shot by Nikita Kucherov.
13:34 of 3rd period - Shot Blocked by Jaccob Slavin.
14:12 of 3rd period - Icing by Ryan Getzlaf.
14:13 of 3rd period - Patrik Berglund wins face-off versus Ryan Getzlaf in MINNESOTA Wild zone.
14:20 of 3rd period - Shot by Alex DeBrincat.
14:20 of 3rd period - Shot Blocked by Ron Hainsey.
14:44 of 3rd period - Shot by Sean Monahan.
14:44 of 3rd period - Shot Misses the Net.
15:47 of 3rd period - Shot by Kyle Okposo.
15:47 of 3rd period - Stopped by Semyon Varlamov without a rebound.
15:48 of 3rd period - Jean-Gabriel Pageau wins face-off versus Aleksander Barkov in NASHVILLE Predators zone.
15:52 of 3rd period - Alexander Kerfoot is hit by Jaccob Slavin and loses puck.
16:32 of 3rd period - Icing by Jaccob Slavin.
16:33 of 3rd period - Aleksander Barkov wins face-off versus Ryan Getzlaf in NASHVILLE Predators zone.
16:33 of 3rd period - Aleksander Barkov is hit by Ryan Getzlaf.
17:01 of 3rd period - Nikita Kucherov is hit by Jamie Oleksiak and loses puck.
17:08 of 3rd period - Shot by Reilly Smith.
17:08 of 3rd period - Stopped by John Gibson without a rebound.
17:09 of 3rd period - Patrik Berglund wins face-off versus Sean Monahan in MINNESOTA Wild zone.
17:34 of 3rd period - Shot by Taylor Hall.
17:34 of 3rd period - Stopped by Semyon Varlamov without a rebound.
17:35 of 3rd period - Ryan Kesler wins face-off versus Vladislav Namestnikov in NASHVILLE Predators zone.
17:44 of 3rd period - Shot by Ryan Kesler.
17:44 of 3rd period - Stopped by John Gibson without a rebound.
17:45 of 3rd period - Ryan Getzlaf wins face-off versus Aleksander Barkov in MINNESOTA Wild zone.
17:47 of 3rd period - James van Riemsdyk is hit by Chris Kreider.
18:13 of 3rd period - Shot by Ryan Getzlaf.
18:13 of 3rd period - Shot Misses the Net.
18:20 of 3rd period - Minor Penalty to Jaccob Slavin for Interference.
18:21 of 3rd period - Yanni Gourde wins face-off versus Alex DeBrincat in NASHVILLE Predators zone.
18:31 of 3rd period - Icing by Yanni Gourde.
18:32 of 3rd period - Alex DeBrincat wins face-off versus Taylor Hall in MINNESOTA Wild zone.
18:53 of 3rd period - Shot by Morgan Rielly.
18:53 of 3rd period - Shot Misses the Net.
18:55 of 3rd period - Shot by Yanni Gourde.
18:55 of 3rd period - Shot Hit the Post.
18:57 of 3rd period - Shot by Alex Pietrangelo.
18:57 of 3rd period - Shot Blocked by Patrik Berglund.
18:59 of 3rd period - Shot by Alex Pietrangelo.
18:59 of 3rd period - Stopped by Semyon Varlamov without a rebound.
19:00 of 3rd period - James van Riemsdyk wins face-off versus Alex DeBrincat in NASHVILLE Predators zone.
19:25 of 3rd period - Shot by J.T. Miller.
19:25 of 3rd period - Deflect By James van Riemsdyk.
19:25 of 3rd period - Stopped by Semyon Varlamov without a rebound.
19:26 of 3rd period - Ryan Kesler wins face-off versus Yanni Gourde in NASHVILLE Predators zone.
19:26 of 3rd period - Esa Lindell is hit by Taylor Hall.
Goals for this period are 1 for NASHVILLE Predators vs 0 for MINNESOTA Wild.
Shots for this period are 9 for NASHVILLE Predators vs 6 for MINNESOTA Wild.